Workbook

Sheet Как пользоваться
A1: Шаблон финансовой модели точки франшизы
A2: Раздел «Всё о франчайзинге» на сайте «Франчайз Центр» — глава «Шаблон финансовой модели франшизы» (/franchayzing/shablon-finmodeli/).
A4: Что это
A5: Помесячная модель точки на 3 года: раскачка, сезонность, все расходы, налоги, оклад управляющего и окупаемость нарастающим итогом.
A6: В файле заполнен условный пример кофейни из главы «Разбор финансовой модели франшизы на цифрах». Замените цифры на свои.
A8: Как заполнять
A9: 1. Лист «Инвестиции» — полный бюджет открытия по статьям (жёлтые ячейки).
A10: 2. Лист «Вводные» — выручка, проценты, постоянные расходы, налоговый режим, раскачка и сезонность (жёлтые ячейки).
A11: 3. Лист «Помесячно» считается сам — ничего не вводите.
A12: 4. Лист «Итоги» — окупаемость, доход собственника, точка безубыточности, запас прочности.
A14: Обозначения
A15: Синий текст на жёлтом фоне — вводные, их меняете вы.
... A24: Модель — инструмент проверки, а не прогноз. Сверяйте цифры с действующими партнёрами сети.

Sheet Инвестиции
A1: Инвестиции в открытие точки, ₽
A3: Статья | B3: Сумма, ₽ | C3: Комментарий
A4: Паушальный взнос | B4: 400000 | C4: По договору с сетью
A5: Ремонт и отделка | B5: 700000 | C5: По дизайн-проекту сети
A6: Оборудование и мебель | B6: 900000 | C6: По спецификации сети
A7: Стартовый товар, униформа, прочее | B7: 500000
A8: Обеспечительный платёж по аренде | B8: 300000 | C8: Обычно 1–2 месяца аренды
A9: Аренда на время ремонта | B9: 300000 | C9: Арендные каникулы снижают эту статью
A10: Вывеска и маркетинг открытия | B10: 150000
A11: Зарплата команды до открытия | B11: 150000 | C11: Найм и обучение
A12: Оборотные средства | B12: 400000 | C12: Покрывают минус первых месяцев
A13: Итого инвестиции (для окупаемости) | B13: =SUM(B4:B12) -> 3800000
A15: Резерв на непредвиденное, доля | B15: 0.15 | C15: Ориентир 10–15 %
A16: Резерв, ₽ | B16: =B13*B15 -> 570000
A17: Нужно денег всего, с резервом | B17: =B13+B16 -> 4370000

Sheet Вводные
A1: Вводные
A3: Месяц открытия (1 — январь … 12 — декабрь) | B3: 3 | C3: Влияет на то, когда придётся лето
A4: Выручка в хороший месяц на плановом уровне, ₽ | B4: 1200000 | C4: Медиана точек сети, не лучшая точка
A5: Себестоимость, доля выручки | B5: 0.3 | C5: Фудкост, товар, расходники
A6: Роялти, доля выручки | B6: 0.05 | C6: Если роялти фиксированный — поставьте 0 и добавьте сумму в «Прочие»
A7: Маркетинговый сбор, доля выручки | B7: 0.02
A8: Аренда в месяц, ₽ | B8: 150000
A9: Зарплаты персонала с налогами, ₽ | B9: 300000 | C9: Без управляющего
A10: Прочие постоянные расходы, ₽ | B10: 60000 | C10: Коммунальные, связь, ПО, бухгалтер, эквайринг
A11: Оклад управляющего, ₽ | B11: 90000 | C11: Есть всегда: либо наёмный, либо ваш труд
A12: Управляю сам (1 — да, 0 — нанимаю) | B12: 1 | C12: Если 1 — оклад управляющего добавляется к доходу собственника
A13: Резерв на замену оборудования, ₽ в месяц | B13: 12000 | C13: Стоимость оборудования ÷ срок службы в месяцах
A14: Налоговый режим | B14: УСН доходы минус расходы | C14: Выберите из списка
A15: Ставка УСН «доходы минус расходы» | B15: 0.15 | C15: В регионах бывает ниже
A16: Ставка УСН «доходы» | B16: 0.06 | C16: В регионах бывает ниже
A18: Инвестиции (с листа «Инвестиции»), ₽ | B18: =Инвестиции!$B$13 -> 3800000
A20: Раскачка: доля плановой выручки в первые 12 месяцев после открытия | D20: Сезонность: коэффициент выручки по календарным месяцам
A21: Месяц работы | B21: Доля плана | D21: Календарный месяц | E21: Коэффициент
A22: 1 | B22: 0.5 | D22: январь | E22: 0.85
A23: 2 | B23: 0.65 | D23: февраль | E23: 0.95
A24: 3 | B24: 0.8 | D24: март | E24: 0.95
A25: 4 | B25: 0.8 | D25: апрель | E25: 0.95
A26: 5 | B26: 0.9 | D26: май | E26: 0.9
A27: 6 | B27: 0.9 | D27: июнь | E27: 0.8
A28: 7 | B28: 1 | D28: июль | E28: 0.7
A29: 8 | B29: 1 | D29: август | E29: 0.8
A30: 9 | B30: 1 | D30: сентябрь | E30: 1
A31: 10 | B31: 1 | D31: октябрь | E31: 1
A32: 11 | B32: 1 | D32: ноябрь | E32: 1
A33: 12 | B33: 1 | D33: декабрь | E33: 1
A34: С 13-го месяца раскачки нет (100 %). В месяце выручка = план × меньшее из «доли плана» и «сезона».
A35: Пример: кофейня в офисном районе — летом −20…30 %, в январе −15 %. Без сезонности поставьте всем месяцам 100 %.

Sheet Помесячно
A1: Помесячный расчёт, ₽ (лист считается сам)
A3: Месяц работы | B3: Календарный месяц | C3: Раскачка | D3: Сезон | E3: Доля плана | F3: Выручка | G3: Себестоимость | H3: Роялти | I3: Маркетинговый сбор | J3: Аренда | K3: Зарплаты персонала | L3: Прочие постоянные | M3: Управляющий | N3: Резерв на оборудование | O3: Прибыль до налога | P3: Налог | Q3: Чистая прибыль | R3: Доход собственника | S3: Накопленный итог
A4: 1 | B4: =MOD(Вводные!$B$3+A4-2,12)+1 -> 3 | C4: =IF(A4<=12,INDEX(Вводные!$B$22:$B$33,A4),1) -> 0.5 | D4: =INDEX(Вводные!$E$22:$E$33,B4) -> 0.95 | E4: =MIN(C4,D4) -> 0.5 | F4: =Вводные!$B$4*E4 -> 600000 | G4: =F4*Вводные!$B$5 -> 180000 | H4: =F4*Вводные!$B$6 -> 30000 | I4: =F4*Вводные!$B$7 -> 12000 | J4: =Вводные!$B$8 -> 150000 | K4: =Вводные!$B$9 -> 300000 | L4: =Вводные!$B$10 -> 60000 | M4: =Вводные!$B$11 -> 90000 | N4: =Вводные!$B$13 -> 12000 | O4: =F4-SUM(G4:N4) -> -234000 | P4: =IF(Вводные!$B$14="УСН доходы",F4*Вводные!$B$16,MAX(0,O4)*Вводные!$B$15) -> 0 | Q4: =O4-P4 -> -234000 | R4: =Q4+IF(Вводные!$B$12=1,M4,0) -> -144000 | S4: =-Вводные!$B$18+R4 -> -3944000
A5: 2 | B5: =MOD(Вводные!$B$3+A5-2,12)+1 -> 4 | C5: =IF(A5<=12,INDEX(Вводные!$B$22:$B$33,A5),1) -> 0.65 | D5: =INDEX(Вводные!$E$22:$E$33,B5) -> 0.95 | E5: =MIN(C5,D5) -> 0.65 | F5: =Вводные!$B$4*E5 -> 780000 | G5: =F5*Вводные!$B$5 -> 234000 | H5: =F5*Вводные!$B$6 -> 39000 | I5: =F5*Вводные!$B$7 -> 15600 | J5: =Вводные!$B$8 -> 150000 | K5: =Вводные!$B$9 -> 300000 | L5: =Вводные!$B$10 -> 60000 | M5: =Вводные!$B$11 -> 90000 | N5: =Вводные!$B$13 -> 12000 | O5: =F5-SUM(G5:N5) -> -120600 | P5: =IF(Вводные!$B$14="УСН доходы",F5*Вводные!$B$16,MAX(0,O5)*Вводные!$B$15) -> 0 | Q5: =O5-P5 -> -120600 | R5: =Q5+IF(Вводные!$B$12=1,M5,0) -> -30600 | S5: =S4+R5 -> -3974600
A6: 3 | B6: =MOD(Вводные!$B$3+A6-2,12)+1 -> 5 | C6: =IF(A6<=12,INDEX(Вводные!$B$22:$B$33,A6),1) -> 0.8 | D6: =INDEX(Вводные!$E$22:$E$33,B6) -> 0.9 | E6: =MIN(C6,D6) -> 0.8 | F6: =Вводные!$B$4*E6 -> 960000 | G6: =F6*Вводные!$B$5 -> 288000 | H6: =F6*Вводные!$B$6 -> 48000 | I6: =F6*Вводные!$B$7 -> 19200 | J6: =Вводные!$B$8 -> 150000 | K6: =Вводные!$B$9 -> 300000 | L6: =Вводные!$B$10 -> 60000 | M6: =Вводные!$B$11 -> 90000 | N6: =Вводные!$B$13 -> 12000 | O6: =F6-SUM(G6:N6) -> -7200 | P6: =IF(Вводные!$B$14="УСН доходы",F6*Вводные!$B$16,MAX(0,O6)*Вводные!$B$15) -> 0 | Q6: =O6-P6 -> -7200 | R6: =Q6+IF(Вводные!$B$12=1,M6,0) -> 82800 | S6: =S5+R6 -> -3891800
A7: 4 | B7: =MOD(Вводные!$B$3+A7-2,12)+1 -> 6 | C7: =IF(A7<=12,INDEX(Вводные!$B$22:$B$33,A7),1) -> 0.8 | D7: =INDEX(Вводные!$E$22:$E$33,B7) -> 0.8 | E7: =MIN(C7,D7) -> 0.8 | F7: =Вводные!$B$4*E7 -> 960000 | G7: =F7*Вводные!$B$5 -> 288000 | H7: =F7*Вводные!$B$6 -> 48000 | I7: =F7*Вводные!$B$7 -> 19200 | J7: =Вводные!$B$8 -> 150000 | K7: =Вводные!$B$9 -> 300000 | L7: =Вводные!$B$10 -> 60000 | M7: =Вводные!$B$11 -> 90000 | N7: =Вводные!$B$13 -> 12000 | O7: =F7-SUM(G7:N7) -> -7200 | P7: =IF(Вводные!$B$14="УСН доходы",F7*Вводные!$B$16,MAX(0,O7)*Вводные!$B$15) -> 0 | Q7: =O7-P7 -> -7200 | R7: =Q7+IF(Вводные!$B$12=1,M7,0) -> 82800 | S7: =S6+R7 -> -3809000
A8: 5 | B8: =MOD(Вводные!$B$3+A8-2,12)+1 -> 7 | C8: =IF(A8<=12,INDEX(Вводные!$B$22:$B$33,A8),1) -> 0.9 | D8: =INDEX(Вводные!$E$22:$E$33,B8) -> 0.7 | E8: =MIN(C8,D8) -> 0.7 | F8: =Вводные!$B$4*E8 -> 840000 | G8: =F8*Вводные!$B$5 -> 252000 | H8: =F8*Вводные!$B$6 -> 42000 | I8: =F8*Вводные!$B$7 -> 16800 | J8: =Вводные!$B$8 -> 150000 | K8: =Вводные!$B$9 -> 300000 | L8: =Вводные!$B$10 -> 60000 | M8: =Вводные!$B$11 -> 90000 | N8: =Вводные!$B$13 -> 12000 | O8: =F8-SUM(G8:N8) -> -82800 | P8: =IF(Вводные!$B$14="УСН доходы",F8*Вводные!$B$16,MAX(0,O8)*Вводные!$B$15) -> 0 | Q8: =O8-P8 -> -82800 | R8: =Q8+IF(Вводные!$B$12=1,M8,0) -> 7200 | S8: =S7+R8 -> -3801800
A9: 6 | B9: =MOD(Вводные!$B$3+A9-2,12)+1 -> 8 | C9: =IF(A9<=12,INDEX(Вводные!$B$22:$B$33,A9),1) -> 0.9 | D9: =INDEX(Вводные!$E$22:$E$33,B9) -> 0.8 | E9: =MIN(C9,D9) -> 0.8 | F9: =Вводные!$B$4*E9 -> 960000 | G9: =F9*Вводные!$B$5 -> 288000 | H9: =F9*Вводные!$B$6 -> 48000 | I9: =F9*Вводные!$B$7 -> 19200 | J9: =Вводные!$B$8 -> 150000 | K9: =Вводные!$B$9 -> 300000 | L9: =Вводные!$B$10 -> 60000 | M9: =Вводные!$B$11 -> 90000 | N9: =Вводные!$B$13 -> 12000 | O9: =F9-SUM(G9:N9) -> -7200 | P9: =IF(Вводные!$B$14="УСН доходы",F9*Вводные!$B$16,MAX(0,O9)*Вводные!$B$15) -> 0 | Q9: =O9-P9 -> -7200 | R9: =Q9+IF(Вводные!$B$12=1,M9,0) -> 82800 | S9: =S8+R9 -> -3719000
A10: 7 | B10: =MOD(Вводные!$B$3+A10-2,12)+1 -> 9 | C10: =IF(A10<=12,INDEX(Вводные!$B$22:$B$33,A10),1) -> 1 | D10: =INDEX(Вводные!$E$22:$E$33,B10) -> 1 | E10: =MIN(C10,D10) -> 1 | F10: =Вводные!$B$4*E10 -> 1200000 | G10: =F10*Вводные!$B$5 -> 360000 | H10: =F10*Вводные!$B$6 -> 60000 | I10: =F10*Вводные!$B$7 -> 24000 | J10: =Вводные!$B$8 -> 150000 | K10: =Вводные!$B$9 -> 300000 | L10: =Вводные!$B$10 -> 60000 | M10: =Вводные!$B$11 -> 90000 | N10: =Вводные!$B$13 -> 12000 | O10: =F10-SUM(G10:N10) -> 144000 | P10: =IF(Вводные!$B$14="УСН доходы",F10*Вводные!$B$16,MAX(0,O10)*Вводные!$B$15) -> 21600 | Q10: =O10-P10 -> 122400 | R10: =Q10+IF(Вводные!$B$12=1,M10,0) -> 212400 | S10: =S9+R10 -> -3506600
A11: 8 | B11: =MOD(Вводные!$B$3+A11-2,12)+1 -> 10 | C11: =IF(A11<=12,INDEX(Вводные!$B$22:$B$33,A11),1) -> 1 | D11: =INDEX(Вводные!$E$22:$E$33,B11) -> 1 | E11: =MIN(C11,D11) -> 1 | F11: =Вводные!$B$4*E11 -> 1200000 | G11: =F11*Вводные!$B$5 -> 360000 | H11: =F11*Вводные!$B$6 -> 60000 | I11: =F11*Вводные!$B$7 -> 24000 | J11: =Вводные!$B$8 -> 150000 | K11: =Вводные!$B$9 -> 300000 | L11: =Вводные!$B$10 -> 60000 | M11: =Вводные!$B$11 -> 90000 | N11: =Вводные!$B$13 -> 12000 | O11: =F11-SUM(G11:N11) -> 144000 | P11: =IF(Вводные!$B$14="УСН доходы",F11*Вводные!$B$16,MAX(0,O11)*Вводные!$B$15) -> 21600 | Q11: =O11-P11 -> 122400 | R11: =Q11+IF(Вводные!$B$12=1,M11,0) -> 212400 | S11: =S10+R11 -> -3294200
A12: 9 | B12: =MOD(Вводные!$B$3+A12-2,12)+1 -> 11 | C12: =IF(A12<=12,INDEX(Вводные!$B$22:$B$33,A12),1) -> 1 | D12: =INDEX(Вводные!$E$22:$E$33,B12) -> 1 | E12: =MIN(C12,D12) -> 1 | F12: =Вводные!$B$4*E12 -> 1200000 | G12: =F12*Вводные!$B$5 -> 360000 | H12: =F12*Вводные!$B$6 -> 60000 | I12: =F12*Вводные!$B$7 -> 24000 | J12: =Вводные!$B$8 -> 150000 | K12: =Вводные!$B$9 -> 300000 | L12: =Вводные!$B$10 -> 60000 | M12: =Вводные!$B$11 -> 90000 | N12: =Вводные!$B$13 -> 12000 | O12: =F12-SUM(G12:N12) -> 144000 | P12: =IF(Вводные!$B$14="УСН доходы",F12*Вводные!$B$16,MAX(0,O12)*Вводные!$B$15) -> 21600 | Q12: =O12-P12 -> 122400 | R12: =Q12+IF(Вводные!$B$12=1,M12,0) -> 212400 | S12: =S11+R12 -> -3081800
A13: 10 | B13: =MOD(Вводные!$B$3+A13-2,12)+1 -> 12 | C13: =IF(A13<=12,INDEX(Вводные!$B$22:$B$33,A13),1) -> 1 | D13: =INDEX(Вводные!$E$22:$E$33,B13) -> 1 | E13: =MIN(C13,D13) -> 1 | F13: =Вводные!$B$4*E13 -> 1200000 | G13: =F13*Вводные!$B$5 -> 360000 | H13: =F13*Вводные!$B$6 -> 60000 | I13: =F13*Вводные!$B$7 -> 24000 | J13: =Вводные!$B$8 -> 150000 | K13: =Вводные!$B$9 -> 300000 | L13: =Вводные!$B$10 -> 60000 | M13: =Вводные!$B$11 -> 90000 | N13: =Вводные!$B$13 -> 12000 | O13: =F13-SUM(G13:N13) -> 144000 | P13: =IF(Вводные!$B$14="УСН доходы",F13*Вводные!$B$16,MAX(0,O13)*Вводные!$B$15) -> 21600 | Q13: =O13-P13 -> 122400 | R13: =Q13+IF(Вводные!$B$12=1,M13,0) -> 212400 | S13: =S12+R13 -> -2869400
A14: 11 | B14: =MOD(Вводные!$B$3+A14-2,12)+1 -> 1 | C14: =IF(A14<=12,INDEX(Вводные!$B$22:$B$33,A14),1) -> 1 | D14: =INDEX(Вводные!$E$22:$E$33,B14) -> 0.85 | E14: =MIN(C14,D14) -> 0.85 | F14: =Вводные!$B$4*E14 -> 1020000 | G14: =F14*Вводные!$B$5 -> 306000 | H14: =F14*Вводные!$B$6 -> 51000 | I14: =F14*Вводные!$B$7 -> 20400 | J14: =Вводные!$B$8 -> 150000 | K14: =Вводные!$B$9 -> 300000 | L14: =Вводные!$B$10 -> 60000 | M14: =Вводные!$B$11 -> 90000 | N14: =Вводные!$B$13 -> 12000 | O14: =F14-SUM(G14:N14) -> 30600 | P14: =IF(Вводные!$B$14="УСН доходы",F14*Вводные!$B$16,MAX(0,O14)*Вводные!$B$15) -> 4590 | Q14: =O14-P14 -> 26010 | R14: =Q14+IF(Вводные!$B$12=1,M14,0) -> 116010 | S14: =S13+R14 -> -2753390
A15: 12 | B15: =MOD(Вводные!$B$3+A15-2,12)+1 -> 2 | C15: =IF(A15<=12,INDEX(Вводные!$B$22:$B$33,A15),1) -> 1 | D15: =INDEX(Вводные!$E$22:$E$33,B15) -> 0.95 | E15: =MIN(C15,D15) -> 0.95 | F15: =Вводные!$B$4*E15 -> 1140000 | G15: =F15*Вводные!$B$5 -> 342000 | H15: =F15*Вводные!$B$6 -> 57000 | I15: =F15*Вводные!$B$7 -> 22800 | J15: =Вводные!$B$8 -> 150000 | K15: =Вводные!$B$9 -> 300000 | L15: =Вводные!$B$10 -> 60000 | M15: =Вводные!$B$11 -> 90000 | N15: =Вводные!$B$13 -> 12000 | O15: =F15-SUM(G15:N15) -> 106200 | P15: =IF(Вводные!$B$14="УСН доходы",F15*Вводные!$B$16,MAX(0,O15)*Вводные!$B$15) -> 15930 | Q15: =O15-P15 -> 90270 | R15: =Q15+IF(Вводные!$B$12=1,M15,0) -> 180270 | S15: =S14+R15 -> -2573120
A16: 13 | B16: =MOD(Вводные!$B$3+A16-2,12)+1 -> 3 | C16: =IF(A16<=12,INDEX(Вводные!$B$22:$B$33,A16),1) -> 1 | D16: =INDEX(Вводные!$E$22:$E$33,B16) -> 0.95 | E16: =MIN(C16,D16) -> 0.95 | F16: =Вводные!$B$4*E16 -> 1140000 | G16: =F16*Вводные!$B$5 -> 342000 | H16: =F16*Вводные!$B$6 -> 57000 | I16: =F16*Вводные!$B$7 -> 22800 | J16: =Вводные!$B$8 -> 150000 | K16: =Вводные!$B$9 -> 300000 | L16: =Вводные!$B$10 -> 60000 | M16: =Вводные!$B$11 -> 90000 | N16: =Вводные!$B$13 -> 12000 | O16: =F16-SUM(G16:N16) -> 106200 | P16: =IF(Вводные!$B$14="УСН доходы",F16*Вводные!$B$16,MAX(0,O16)*Вводные!$B$15) -> 15930 | Q16: =O16-P16 -> 90270 | R16: =Q16+IF(Вводные!$B$12=1,M16,0) -> 180270 | S16: =S15+R16 -> -2392850
... A39: 36 | B39: =MOD(Вводные!$B$3+A39-2,12)+1 -> 2 | C39: =IF(A39<=12,INDEX(Вводные!$B$22:$B$33,A39),1) -> 1 | D39: =INDEX(Вводные!$E$22:$E$33,B39) -> 0.95 | E39: =MIN(C39,D39) -> 0.95 | F39: =Вводные!$B$4*E39 -> 1140000 | G39: =F39*Вводные!$B$5 -> 342000 | H39: =F39*Вводные!$B$6 -> 57000 | I39: =F39*Вводные!$B$7 -> 22800 | J39: =Вводные!$B$8 -> 150000 | K39: =Вводные!$B$9 -> 300000 | L39: =Вводные!$B$10 -> 60000 | M39: =Вводные!$B$11 -> 90000 | N39: =Вводные!$B$13 -> 12000 | O39: =F39-SUM(G39:N39) -> 106200 | P39: =IF(Вводные!$B$14="УСН доходы",F39*Вводные!$B$16,MAX(0,O39)*Вводные!$B$15) -> 15930 | Q39: =O39-P39 -> 90270 | R39: =Q39+IF(Вводные!$B$12=1,M39,0) -> 180270 | S39: =S38+R39 -> 1081600

Sheet Итоги
A1: Итоги
A3: Инвестиции (для окупаемости), ₽ | B3: =Вводные!$B$18 -> 3800000
A4: Окупаемость: месяц, в котором накопленный итог стал положительным | B4: =IF(MAX(Помесячно!S4:S39)<0,"больше 36",COUNTIF(Помесячно!S4:S39,"<0")+1) -> 31 | C4: С раскачкой, сезонностью, налогами
A5: Окупаемость «как в презентациях», месяцев | B5: =IFERROR(B3/B14,"—") -> 17.890772 | C5: Инвестиции ÷ доход собственника в хороший месяц, без раскачки и сезонности
A6: Доход собственника за 1-й год, ₽ | B6: =SUM(Помесячно!R4:R15) -> 1226880
A7: Доход собственника за 2-й год, ₽ | B7: =SUM(Помесячно!R16:R27) -> 1827360
A8: Доход собственника за 3-й год, ₽ | B8: =SUM(Помесячно!R28:R39) -> 1827360
A9: Накопленный итог через 36 месяцев, ₽ | B9: =Помесячно!S39 -> 1081600 | C9: Больше нуля — инвестиции вернулись
A10: Чистая прибыль 3-го года ÷ инвестиции (ROI, % годовых) | B10: =IFERROR(SUM(Помесячно!Q28:Q39)/B3,0) -> 0.19667368 | C10: Без оклада собственника: доходность денег, а не труда
A11: Точка безубыточности: выручка в месяц, ₽ | B11: =IFERROR((Вводные!$B$8+Вводные!$B$9+Вводные!$B$10+Вводные!$B$11+Вводные!$B$13)/(1-Вводные!$B$5-Вводные!$B$6-Вводные!$B$7),"—") -> 971428.57 | C11: Для УСН «доходы» налог с выручки здесь не учтён
A12: Средняя выручка зрелой точки в месяц, ₽ | B12: =AVERAGE(Помесячно!F28:F39) -> 1090000 | C12: Третий год, с сезонностью
A13: Запас прочности | B13: =IFERROR(1-B11/B12,0) -> 0.10878113 | C13: Насколько выручка может упасть до нуля прибыли
A14: Доход собственника в хороший месяц на плановом уровне, ₽ | B14: =(Вводные!$B$4*(1-Вводные!$B$5-Вводные!$B$6-Вводные!$B$7)-(Вводные!$B$8+Вводные!$B$9+Вводные!$B$10+Вводные!$B$11+Вводные!$B$13))-IF(Вводные!$B$14="УСН доходы",Вводные!$B$4*Вводные!$B$16,MAX(0,Вводные!$B$4*(1-Вводные!$B$5-Вводные!$B$6-Вводные!$B$7)-(Вводные!$B$8+Вводные!$B$9+Вводные!$B$10+Вводные!$B$11+Вводные!$B$13))*Вводные!$B$15)+IF(Вводные!$B$12=1,Вводные!$B$11,0) -> 212400
